AoeStats
← slartibartfast

Golden Pit

509971611Analyzed
1v1 RM · 2d ago on Sep 28, 2026· 21m 25s· 2 players
Game mode
Random Map
Map size
Tiny (2 player)
Population
200
Speed
Normal
Resources
Standard
Victory
Conquest
Starting age
Dark Age
Ending age
Imperial Age
RankedLock teamsTeams togetherTeam positionsShared explorationLock speedFull tech treeHidden civsTurbo modeCheats
Victory
Defeat
🇨🇱 Ethiopians · Chile
1378
+13
🇮🇳 Huns · India
1319
-13
CFGX | FCNancho
6:16 Loom
9:23 Feudal Age
9:26 Man-at-Arms
10:06 Double-Bit Axe
15:44 Fletching
slartibartfast
7:01 Loom
9:20 Feudal Age
11:17 Double-Bit Axe
15:05 Horse Collar
Connection lost

Rejoining the realm…

Still unreachable

The connection could not be restored.

Session expired

The server has moved on; the page needs a fresh start.